 Dungeon Crawl Stone Soup version 0.29.0-13-gc9e81de378 (webtiles) character file.

Game seed: 16984812672441207996

1962 Ashen the Chiller (level 9, -8/66 HPs)
             Began as a Demonspawn Ice Elementalist on Sept 11, 2022.
             Killed from afar by Maggie (26 damage)
             ... with a bolt of fire
             ... on level 6 of the Dungeon.
             The game lasted 00:12:24 (6815 turns).

Ashen the Chiller (Demonspawn Ice Elementalist)     Turns: 6815, Time: 00:12:25

Health: -8/66      AC:  8    Str:  8    XL:     9   Next: 0%
Magic:  16/16      EV: 14    Int: 21    God:
Gold:   251        SH:  5    Dex: 18    Spells: 7/18 levels left

rFire   . . .      SeeInvis .   d - +3 short sword (venom)
rCold   . . .      Faith    .   C - +0 buckler
rNeg    + . .      Spirit   .   a - +0 robe
rPois   .          Reflect  .   (helmet restricted)
rElec   .          Harm     .   s - +2 cloak {rCorr}
rCorr   +          Rampage  .   l - +0 pair of gloves
Will    .....                   D - +1 pair of boots
Stlth   +++++.....              (no amulet)
HPRegen 0.21/turn               n - ring of positive energy
MPRegen 0.15/turn               (no ring)

@: mesmerised
A: horns 2, thin skeletal structure 2, powered by pain 1
a: no special abilities


You were on level 6 of the Dungeon.
You visited 2 branches of the dungeon, and saw 7 of its levels.
You also visited: Sewer.

You collected 251 gold pieces.

Inventory:

Hand Weapons
 d - a +3 short sword of venom (weapon)
 w - the +8 whip "Nohuf" {protect, Will+ Str+3 Int+2 SInv}
   (You found it on level 4 of the Dungeon)

   It grants its wielder temporary protection when it strikes (+7 to AC).
   Str:       It affects your strength (+3).
   Int:       It affects your intelligence (+2).
   SInv:      It lets you see invisible.
   Will:      It increases your willpower.
Armour
 a - a +0 robe (worn)
 l - a +0 pair of gloves (worn)
 s - a +2 cloak of preservation (worn)
 C - a +0 buckler (worn)
 D - a +1 pair of boots (worn)
Jewellery
 n - a ring of positive energy (left hand)
Wands
 B - a wand of digging (5)
Scrolls
 e - a scroll of enchant weapon
 f - 6 scrolls of identify
 g - a scroll of magic mapping
 j - a scroll of silence {unknown}
 k - 8 scrolls of teleportation {unknown}
 m - a scroll of butterflies {unknown}
 r - 3 scrolls of noise {unknown}
 y - a scroll of summoning {unknown}
 A - a scroll of amnesia {unknown}
 E - 2 scrolls of torment {unknown}
Potions
 b - 2 potions of magic
 c - 6 potions of curing
 h - 4 potions of might {unknown}
 i - 3 potions of attraction {unknown}
 o - a potion of berserk rage {unknown}
 p - 4 potions of heal wounds {unknown}
 q - 3 potions of haste {unknown}
 t - 2 potions of ambrosia {unknown}
 u - a potion of mutation {unknown}
 v - a potion of experience {unknown}
 x - 2 potions of resistance {unknown}
 z - a potion of cancellation {unknown}


   Skills:
 + Level 4.7 Fighting
 + Level 5.0 Dodging
 - Level 5.0 Stealth
 + Level 2.8 Shields
 + Level 5.1 Spellcasting
 + Level 5.8 Ice Magic


You had 7 spell levels left.
You knew the following spells:

 Your Spells              Type           Power      Damage    Failure   Level
a - Freeze                Ice            100%       1d11      1%          1
b - Frozen Ramparts       Ice            58%        1d9       3%          3
c - Ozocubu's Armour      Ice            29%        N/A       3%          3
d - Hailstorm             Conj/Ice       17%        3d6       38%         4

Your spell library contained the following spells:

 Spells                   Type           Power      Damage    Failure   Level
 Sandblast                Erth           10%        2d5       14%         1
 Passwall                 Tmut/Erth      4%         N/A       22%         2
 Stone Arrow              Conj/Erth      10%        3d7       38%         3
 Summon Forest            Summ/Tloc      2%         N/A       98%         5
 Summon Mana Viper        Hex/Summ       5%         N/A       98%         5
 Summon Cactus Giant      Summ           2%         N/A       100%        6


Dungeon Overview and Level Annotations

Branches:
Dungeon (6/15)             Temple (1/1) D:5           Sewer (visited)

Altars:
Ashenzari
Dithmenos
Gozag
Hepliaklqana
Kikubaaqudgha
Makhleb
Okawaru
Qazlal
Ru
Sif Muna
Trog
Uskayaw
Xom
Yredelemnul
Jiyva

Annotations:
D:4 3 runed translucent doors, exclusion: 3 doors, Zarnosh's ghost, amateur DgSu
D:6 Maggie


Innate Abilities, Weirdness & Mutations

You have a pair of horns on your head.
You have a moderately thin skeletal structure. (Dex +4, Stealth++)
You sometimes gain a little power by taking damage.


Message History

Your Dodging skill increases to level 5!
You have reached level 9!
Your experience leads to an increase in your attributes!
Increase (S)trength, (I)ntelligence, or (D)exterity?
You feel clever. x2
You hit Maggie. You headbutt Maggie, but do no damage.
Maggie is heavily wounded.
The wall freezes Maggie.
Maggie hits you but does no damage.
You closely miss Maggie. You headbutt Maggie.
Maggie is heavily wounded.
The wall freezes Maggie.
Maggie hits you with a +2 scimitar of flaming.
Maggie burns you. The heat melts your icy armour.
You barely miss Maggie. You headbutt Maggie.
Maggie is severely wounded.
The wall freezes Maggie.
Maggie casts a spell at you. The bolt of fire hits you.
The heat melts your icy armour.
You hit Maggie.
Maggie is poisoned.
Maggie is severely wounded.
The wall freezes Maggie!
Maggie hits you but does no damage.
You hit Maggie but do no damage.
Maggie looks as sick as possible!
Maggie is almost dead.
The frozen ramparts melt away.
Maggie gestures at you while chanting. The bolt of fire hits you!!
* * * LOW HITPOINT WARNING * * *
You focus on the pain.
You feel your power returning. The heat melts your icy armour.
You closely miss Maggie.
Maggie is almost dead.
Maggie mumbles some strange words.
Maggie attempts to bespell you!
You are mesmerised by Maggie!
Maggie gestures at you while chanting. The bolt of fire hits you!!
Your icy armour melts away.
You die...

.. ####... #@ ♣.##.#
#.### .. . ♣.##.#
#.### #? #. ..##.#
#.... #. #.#.##.####
#.... #. ...##.##.##
#.... #.
#.##.#.#.###.###
#.#####..<.........#
#...@@..##.#...#####
#######....##.##
#..####.# #..# #.#
#..# #.# #..# ...
#... ... #.## #.. #.
#..#


You could see Maggie (mesmerising, extremely poisoned).

Vanquished Creatures
  Grinder (D:6)
  Edmund (D:6)
  A sky beast (D:6)
  2 black bears
  A centaur (D:6)
  A phantom (D:5)
  A kobold brigand (D:6)
  2 necrophages (D:5)
  A gnoll sergeant (D:6)
  2 scorpions (D:5)
  3 hounds
  3 jellies (Sewer)
  2 orc priests (D:6)
  A gnoll bouda (D:5)
  Crazy Yiuf (D:3)
  3 iguanas
  3 orc wizards (D:6)
  12 gnolls
  9 adders
  3 river rats
  2 shadow imps
  3 white imps
  An ufetubus (D:4)
  6 worms
  3 dart slugs
  7 orcs
  10 ball pythons
  6 bats
  12 endoplasms
  10 giant cockroaches
  7 goblins
  10 hobgoblins
  12 kobolds
  6 quokkas
  8 frilled lizards
  9 rats
165 creatures vanquished.

Vanquished Creatures (others)
  A fungus (D:3)
1 creature vanquished.

Grand Total: 166 creatures vanquished

Notes
Turn   | Place    | Note
-------+----------+-------------------------------------------
     0 | D:1      | Ashen the Demonspawn Ice Elementalist began the quest for
                  | the Orb.
     0 | D:1      | Reached XP level 1. HP: 13/13 MP: 3/3
    54 | D:1      | Gained mutation: You have a pair of small horns on your
                  | head. [demonic ancestry]
    54 | D:1      | Reached XP level 2. HP: 9/20 MP: 1/5
   647 | D:1      | Reached skill level 1 in Fighting
   679 | D:1      | Gained mutation: You have a somewhat thin skeletal
                  | structure. (Dex +2, Stealth+) [demonic ancestry]
   679 | D:1      | Reached XP level 3. HP: 26/26 MP: 6/6
   868 | D:1      | Found a faded altar of an unknown god.
  1401 | D:2      | Identified the +2 sling of Ivodgh {vorpal, Str+3 Int-3
                  | Dex+5}
  2306 | D:3      | Reached XP level 4. HP: 26/32 MP: 7/7
  2575 | D:3      | Learned a level 3 spell: Frozen Ramparts
  2579 | D:3      | Learned a level 3 spell: Ozocubu's Armour
  2581 | D:3      | Found a runed translucent door.
  2582 | D:3      | Noticed Crazy Yiuf
  2595 | D:3      | Killed Crazy Yiuf
  2989 | D:3      | Found a broken altar of Ashenzari.
  3246 | D:3      | Found a sacrificial altar of Ru.
  3381 | D:4      | Identified the +8 whip "Nohuf" {protect, Will+ Str+3 Int+2
                  | SInv}
  3428 | D:4      | Found a runed translucent gate.
  3428 | D:4      | Found a runed translucent gate.
  3428 | D:4      | Found a runed translucent gate.
  3432 | D:4      | Noticed Zarnosh's ghost (amateur DgSu)
  3471 | D:4      | Reached XP level 5. HP: 38/38 MP: 9/9
  3529 | D:4      | Found a glowing drain.
  3533 | Sewer    | Entered a sewer
  3847 | Sewer    | Gained mutation: You sometimes gain a little power by
                  | taking damage. [demonic ancestry]
  3847 | Sewer    | Reached XP level 6. HP: 29/44 MP: 10/10
  3997 | Sewer    | Found a viscous altar of Jiyva.
  4533 | D:4      | Identified the +5 dagger of Daacwena {freeze, *Rage Int+5
                  | Dex-5}
  4887 | D:5      | Entered Level 5 of the Dungeon
  4917 | D:5      | Gained mutation: You have a moderately thin skeletal
                  | structure. (Dex +4, Stealth++) [demonic ancestry]
  4917 | D:5      | Reached XP level 7. HP: 40/52 MP: 12/12
  5133 | D:5      | Found an ancient bone altar of Kikubaaqudgha.
  5136 | D:5      | Found a hazy altar of Hepliaklqana.
  5613 | D:5      | Learned a level 4 spell: Hailstorm
  5846 | D:5      | Reached skill level 1 in Shields
  5846 | D:5      | Reached skill level 5 in Ice Magic
  5960 | D:5      | Found a staircase to the Ecumenical Temple.
  5981 | Temple   | Entered the Ecumenical Temple
  6143 | D:6      | Gained mutation: You have a pair of horns on your head.
                  | [demonic ancestry]
  6143 | D:6      | Reached XP level 8. HP: 53/60 MP: 14/14
  6169 | D:6      | Found a hide-covered altar of Uskayaw.
  6180 | D:6      | Noticed a +0 falchion
  6181 | D:6      | Noticed a +0 dagger
  6182 | D:6      | Noticed a +0 falchion
  6183 | D:6      | Noticed a +0 short sword
  6183 | D:6      | Noticed a +0 short sword
  6184 | D:6      | Noticed a +0 spear
  6184 | D:6      | Noticed a +0 dagger
  6184 | D:6      | Noticed a +0 spear
  6605 | D:6      | Noticed Edmund
  6617 | D:6      | Killed Edmund
  6618 | D:6      | Reached skill level 5 in Stealth
  6655 | D:6      | Noticed Grinder
  6670 | D:6      | Paralysed by Grinder for 5 turns
  6679 | D:6      | Paralysed by Grinder for 5 turns
  6691 | D:6      | Killed Grinder
  6692 | D:6      | Reached skill level 5 in Spellcasting
  6797 | D:6      | Noticed Maggie
  6810 | D:6      | Reached skill level 5 in Dodging
  6810 | D:6      | Reached XP level 9. HP: 49/66 MP: 9/16
  6815 | D:6      | Killed from afar by Maggie

Illustrated notes

Levels and vault maps discovered:
D:1:      denvon_arrival_planthouse, layout_basic,
          chequers_ecumenical_altar_twisty
D:2:      minmay_spotlight, layout_basic
D:3:      layout_loops_ring, mainiacjoe_overflow_24_doors,
          mainiacjoe_overflow_alcove_2, uniq_crazy_yiuf_cottage
D:4:      layout_cave_pools, gammafunk_ghost_split, gup_sewer_entry_spiral,
          kennysheep_generic_room_12
D:5:      minmay_angry_zag, layout_cave_pools, minitemple,
          minmay_temple_entry_statues_pillars
D:6:      nicolae_BIG_FREAKIN_CUBE, layout_loops_ring,
          nicolae_uskayaw_en_pointe, st_stairs_3, chequers_mini_garden,
          uniq_grinder, uniq_edmund, uniq_maggie
Temple:   pf_slime_end_temple

Skill      XL: |  1  2  3  4  5  6  7  8 |
---------------+-------------------------+-----
Stealth        | 2 3 4 5 |  5.0
Dodging        | 2 3 4 5 |  5.0
Fighting       | 1 2 3 4 |  4.7
Ice Magic      | 4 5 |  5.8
Spellcasting   | 3 4 5 |  5.1
Shields        | 1 2 |  2.8

Action                   |  1- 3 |  4- 6 |  7- 9 || total
-------------------------+-------+-------+-------++-------
Melee: Short sword       |    74 |   150 |   146 ||   370
       Headbutt          |    10 |    23 |    34 ||    67
       Punch             |       |     1 |       ||     1
 Cast: Freeze            |     5 |       |       ||     5
       Frozen Ramparts   |       |     5 |    12 ||    17
       Ozocubu's Armour  |       |     6 |    11 ||    17
  Use: Scroll            |       |     3 |       ||     3
 Stab: Sleeping          |    12 |    18 |    15 ||    45
Armor: Robe              |     9 |    42 |    58 ||   109
Dodge: Dodged            |    45 |    80 |    90 ||   215
Block: Buckler           |       |       |    27 ||    27
